 Dungeon Crawl Stone Soup version 0.28.0-53-g5a82cb258f (webtiles) character file.

Game seed: 16849833653996579647

68 ILmort the Cudgeller (level 4, -1/39 HPs)
             Began as a Minotaur Berserker on Aug 14, 2022.
             Was a Believer of Trog.
             Slain by Sigmund
             ... wielding a +0 scythe
              (2 damage)
             ... on level 2 of the Dungeon.
             The game lasted 00:05:47 (2265 turns).

ILmort the Cudgeller (Minotaur Berserker)           Turns: 2265, Time: 00:05:48

Health: -1/39      AC:  8    Str: 24    XL:     4   Next: 1%
Magic:  3/3        EV:  8    Int:  4    God:    Trog [**....]
Gold:   29         SH:  0    Dex:  9    Spells: 3/3 levels left

rFire   . . .      SeeInvis .   h - +2 whip (distort)
rCold   . . .      Faith    .   (no shield)
rNeg    . . .      Spirit   .   d - +0 chain mail
rPois   .          Reflect  .   (helmet restricted)
rElec   .          Harm     .   (no cloak)
rCorr   .          Rampage  .   (no gloves)
Will    .....                   (no boots)
Stlth   ..........              (no amulet)
HPRegen 0.13/turn               (no ring)
MPRegen 0.08/turn               (no ring)

@: weak-willed
A: horns 2, retaliatory headbutt
a: Renounce Religion, Berserk, Trog's Hand


You were on level 2 of the Dungeon.
You worshipped Trog.
Trog was pleased with you.
You visited 1 branch of the dungeon, and saw 2 of its levels.

You collected 29 gold pieces.

Inventory:

Hand Weapons
 a - a +0 mace
 h - a +2 whip of distortion (weapon)
Armour
 b - a +0 animal skin
 d - a +0 chain mail (worn)
Scrolls
 c - a scroll of identify
Potions
 i - a potion of heal wounds


   Skills:
 - Level 3.6 Fighting
 + Level 6.0 Maces & Flails
 - Level 2.4 Armour
 - Level 2.1 Dodging


You had 3 spell levels left.
You didn't know any spells.
Your spell library was empty.

Dungeon Overview and Level Annotations

Branches:
Dungeon (2/15)

Altars:

Annotations:
D:2 1 runed translucent door, Sigmund


Innate Abilities, Weirdness & Mutations

You have a pair of horns on your head.
You reflexively headbutt those who attack you in melee.


Message History

You kill the goblin!
Trog accepts your kill. Something hits you but does no damage.
The goblin barely misses you. The goblin hits you but does no damage.
You barely miss the goblin. You headbutt the goblin.
You kill the goblin!
Trog accepts your kill. The goblin hits you but does no damage.
You hear some strange, mumbled words.
Something tries to affect you, but you resist.
You have reached level 4!
You feel stronger.
You closely miss the goblin. The goblin hits you with a +0 club.
* * * LOW HITPOINT WARNING * * *
You feel much better. Something hits you! The goblin completely misses you.
You furiously retaliate!
You headbutt the goblin.
You kill the goblin!
Trog accepts your kill.
Your Maces & Flails skill increases to level 6!
Something hits you!
You closely miss something. You whack something!
Something hits you but does no damage. Something hits you.
* * * LOW HITPOINT WARNING * * *
Things that are here:
a +0 club; a +0 club A magic dart appears from out of thin air!
The magic dart hits you.
* * * LOW HITPOINT WARNING * * *
Something hits you but does no damage.
Things that are here:
a +0 dagger; a +0 ring mail You hit something.
Things that are here:
a +0 club; a goblin corpse You start resting.
Something hits you.
* * * LOW HITPOINT WARNING * * *
Something hits you.
You die...

#........ ..........#######'#'##
#.......# #........'....#......
#.......# #........####.#......
#.......####........# #.#......
#..........#........# #.#......
#..........#........# #.##'#...
+......).†.......)).# #.##.####
##.......†....)..)...####'##.....
#...........†...@))..##.......###
#...####.....##########.......#
#...# #####....# #.......###
#...# #....# #.......... #...#
######....#######.......### #...#
#.......................#
#...###.........######........#
.................# #........#
#...###..........# #........#


There were no monsters in sight!

Vanquished Creatures
  Robin (D:2)
  5 ball pythons
  An endoplasm (D:1)
  3 giant cockroaches (D:1)
  8 goblins (D:2)
  8 hobgoblins
  4 jackals (D:2)
  A quokka (D:2)
  5 bats
  6 frilled lizards
  6 kobolds
  3 rats (D:1)
51 creatures vanquished.

Notes
Turn   | Place    | Note
-------+----------+-------------------------------------------
     0 | D:1      | ILmort the Minotaur Berserker began the quest for the Orb.
     0 | D:1      | Reached XP level 1. HP: 19/19 MP: 0/0
    35 | D:1      | Reached skill level 4 in Maces & Flails
   161 | D:1      | Reached XP level 2. HP: 26/26 MP: 1/1
   173 | D:1      | Found a faded altar of an unknown god.
  1006 | D:2      | Reached skill level 5 in Maces & Flails
  1043 | D:2      | Reached ** piety under Trog
  1155 | D:2      | Reached XP level 3. HP: 31/31 MP: 2/2
  1169 | D:2      | Noticed Robin
  1587 | D:2      | Noticed Sigmund
  2112 | D:2      | Found a runed translucent door.
  2226 | D:2      | Killed Robin
  2252 | D:2      | Reached XP level 4. HP: 14/39 MP: 3/3
  2254 | D:2      | Reached skill level 6 in Maces & Flails
  2264 | D:2      | HP: 1/39 [something (4)]
  2265 | D:2      | Slain by Sigmund

Illustrated notes

Levels and vault maps discovered:
D:1:      lemuel_arrival_room, layout_loops_ring,
          shapermc_ecumenical_altar_mp_ritualfount
D:2:      layout_basic, uniq_crazy_yiuf_cottage, uniq_sigmund, uniq_robin

Skill      XL: |  1  2  3  4 |
---------------+-------------+-----
Maces & Flails | 4 5 6 |  6.0
Fighting       | |  3.6
Armour         | |  2.4
Dodging        | |  2.1

Action                   |  1- 3 |  4- 6 || total
-------------------------+-------+-------++-------
Melee: Mace              |    48 |       ||    48
       Headbutt          |    10 |       ||    10
       Whip              |    42 |     4 ||    46
  Use: Scroll            |     4 |       ||     4
       Potion            |       |     1 ||     1
Armor: Chain mail        |    65 |     2 ||    67
       Animal skin       |     5 |       ||     5
Dodge: Dodged            |    60 |     1 ||    61
